 Dungeon Crawl Stone Soup version 0.23.2-1-ga50397a (webtiles) character file.

Game seed: 13147331191937461009

121 murizio the Conjurer (level 4, -5/24 HPs)
             Began as a Deep Elf Conjurer on May 31, 2019.
             Was an Initiate of Sif Muna.
             Killed from afar by an orc wizard (7 damage)
             ... with a magic dart
             ... on level 3 of the Dungeon.
             The game lasted 00:17:30 (1843 turns).

murizio the Conjurer (Deep Elf Conjurer)            Turns: 1843, Time: 00:17:31

Health: -5/24      AC:  2    Str:  5    XL:     4   Next: 77%
Magic:  1/12       EV: 13    Int: 21    God:    Sif Muna [......]
Gold:   97         SH:  0    Dex: 15    Spells: 8/11 levels left

rFire    . . .     SeeInvis .   k - +0 short sword
rCold    . . .     Gourm    .   (no shield)
rNeg     . . .     Faith    .   j - +0 robe
rPois    .         Spirit   .   (no helmet)
rElec    .         Reflect  .   (no cloak)
rCorr    .         Harm     .   (no gloves)
MR       .....                  (no boots)
Stlth    ++........             e - amulet of rage
HPRegen  0.08/turn              (no ring)
MPRegen  0.13/turn              (no ring)

@: no status effects
A: no striking features
a: Renounce Religion, Evoke Berserk Rage


You were on level 3 of the Dungeon.
You worshipped Sif Muna.
Sif Muna was noncommittal.
You were not hungry.

You visited 1 branch of the dungeon, and saw 4 of its levels.

You collected 97 gold pieces.

Inventory:

Hand Weapons
 k - a +0 short sword (weapon)
Armour
 j - a +0 robe (worn)
Jewellery
 e - an amulet of rage (around neck)
Scrolls
 a - a scroll of amnesia {unknown}
 b - 3 scrolls of remove curse {unknown}
 c - 2 scrolls of identify {unknown}
 d - 2 scrolls of enchant weapon {unknown}
 f - a scroll of magic mapping {unknown}
 g - a scroll of immolation {unknown}
 h - a scroll of enchant armour {unknown}
 l - a scroll of blinking {unknown}
Comestibles
 i - 2 rations


   Skills:
 * Level 1.2 Short Blades
 + Level 2.6 Dodging
 + Level 3.2 Stealth
 * Level 4.0 Spellcasting
 * Level 5.7 Conjurations


You had 8 spell levels left.
You knew the following spells:

 Your Spells              Type           Power        Failure   Level  Hunger
a - Magic Dart            Conj           ####         1%          1    None
b - Searing Ray           Conj           ####..       1%          2    #......

Your spell library contained the following spells:

 Spells                   Type           Power        Failure   Level  Hunger
 Dazzling Spray           Conj/Hex       ###...       11%         3    ###....
 Iskenderun's Mystic Bla  Conj           ####....     11%         4    ####...
 Animate Skeleton         Necr           N/A          12%         1    None
 Apportation              Tloc           #.....       12%         1    None
 Confusing Touch          Hex            #.....       12%         1    None
 Summon Small Mammal      Summ           #...         12%         1    None
 Force Lance              Conj/Tloc      ###.....     36%         4    ####...
 Fulminant Prism          Conj/Hex       ###.......   36%         4    ####...


Dungeon Overview and Level Annotations

Branches:
Dungeon (4/15)
 Temple: D:4-7

Altars:
Gozag
Sif Muna
Trog

Annotations:
D:2 Sigmund


Message History

The orc wizard gestures at you while chanting.
The magic dart hits you!
* * * LOW HITPOINT WARNING * * *
The searing ray hits the orc wizard!
The orc wizard is severely wounded.
The frilled lizard bites you.
* * * LOW HITPOINT WARNING * * *
Without enough magic to sustain it, your searing ray dissipates.
The frilled lizard closely misses you. The orc wizard barely misses you.
Casting: Searing Ray (safe; 1% risk of failure)
Confirm with . or Enter, or press ? or * to list all spells.
Aiming: Magic Dart (safe; 1% risk of failure)
Press: ? - help, Shift-Dir - straight line, f/p - orc wizard
Aim: an orc wizard, wielding a +0 dagger and wearing a +0 robe (severely wounded)
The magic dart hits the frilled lizard.
You kill the frilled lizard!
Sif Muna accepts your kill.
The orc wizard points at you and mumbles some strange words.
The magic dart hits you!
You die...

###.#.# #.#
#.o...# ..
###.####.#
#.......#
####.##.##..#
#.o†).......
#.#)....#...
#.#####.# #@# #
#.# #.#.# #.#.#
#.#.########
#####.#........##
......#.........#
#....#........#
#.......#####.#


You could see an orc wizard.

Vanquished Creatures
  4 gnolls
  3 adders
  4 oozes
  A leopard gecko (D:2)
  2 orcs (D:4)
  A ball python (D:4)
  A goblin (D:1)
  4 hobgoblins
  3 jackals (D:4)
  3 bats
  2 frilled lizards
  5 kobolds
  8 rats
41 creatures vanquished.

Notes
Turn   | Place    | Note
-------+----------+-------------------------------------------
     0 | D:1      | murizio the Deep Elf Conjurer began the quest for the Orb.
     0 | D:1      | Reached XP level 1. HP: 10/10 MP: 6/6
   476 | D:1      | Reached XP level 2. HP: 10/15 MP: 1/8
   601 | D:1      | Reached skill level 5 in Conjurations
   868 | D:1      | Reached XP level 3. HP: 19/19 MP: 6/9
   965 | D:2      | Learned a level 2 spell: Searing Ray
  1018 | D:2      | Found a bloodstained altar of Trog.
  1189 | D:2      | Found a deep blue altar of Sif Muna.
  1240 | D:2      | Became a worshipper of Sif Muna the Loreminder
  1410 | D:2      | Reached XP level 4. HP: 24/24 MP: 2/11
  1413 | D:2      | Noticed Sigmund
  1816 | D:3      | Reached skill level 1 in Short Blades
  1827 | D:3      | Found an opulent altar of Gozag.
  1833 | D:3      | HP: 1/24 [frilled lizard (1)]
  1843 | D:3      | Killed from afar by an orc wizard

Skill      XL: |  1  2  3  4 |
---------------+-------------+-----
Conjurations   | 5 |  5.7
Stealth        | 3 |  3.2
Short Blades   | 1 |  1.2
Spellcasting   | 4 |  4.0
Dodging        | |  2.6

Action                   |  1- 3 |  4- 6 || total
-------------------------+-------+-------++-------
Melee: Unarmed           |     1 |       ||     1
       Short sword       |     6 |     3 ||     9
 Cast: Magic Dart        |    57 |    10 ||    67
       Searing Ray       |     1 |    10 ||    11
  Use: Potion            |     2 |     1 ||     3
  Eat: Ration            |     1 |       ||     1
Armor: Robe              |     6 |     2 ||     8
       Skin              |    23 |       ||    23
Dodge: Dodged            |    15 |    18 ||    33
